cohdb
Replays
Latest Replays
All Replays
Popular Replays
Top Player Replays
Match Explorer
How It Works
Community
CoH3 Stats
Reddit
Sign in to upload your games and track your stats! →
Sign in with Steam
Match 39677823
Unlisted
Match 39677823
Overview
Messages
Build Orders
End
Royal Engineer Section
Construct Section Command Post
Infantry Section
Infantry Section
Infantry Section
Construct Platoon Command Post
ML 3-inch Mortar Team
Humber Armored Car
Construct Field Infirmary
Infantry Training
Selects Indian Artillery Battlegroup
Selects Valour
Selects Gurkha Rifles Section
Grenade Package
Gurkha Rifles Section
Construct Company Command Post
Selects Volunteer Infantry
Crusader II Medium Tank
Unlock M3 Grant Medium Tanks
Gurkha Rifles Section
sword_crusher
m N z
0
0
Comments
sign in to comment!
No comments posted yet!